 Dungeon Crawl Stone Soup version 0.32-a0-975-g85d4e5bfdb (webtiles) character file.

Game seed: 8566105503848048085

135 Shayle the Apothecary (level 5, -3/38 HPs)
             Began as a Coglin Alchemist on Apr 18, 2024.
             Killed from afar by an orc wizard (7 damage)
             ... with a puff of flame
             ... on level 2 of the Dungeon.
             The game lasted 00:05:10 (2065 turns).

Shayle the Apothecary (Coglin Alchemist)            Turns: 2065, Time: 00:05:15

Health: -3/38      AC:  2    Str:  8    XL:     5   Next: 18%
Magic:  8/8        EV: 12    Int: 16    God:
Gold:   84         SH:  0    Dex: 19    Spells: 7/8 levels left

rFire   . . .        j - +10 dagger "Zucwiqi" {freeze, Dex+4}
rCold   + . .        f - +1 whip (elec) {Dunstan}
rNeg    . . .        a - +0 robe
rPois   .            (no helmet)
rElec   .            (no cloak)
rCorr   .            (no gloves)
SInv    .            (no boots)
Will    .....        (amulet unavailable)
Stlth   ++           (ring unavailable)
HPRegen 0.26/turn    (ring unavailable)
MPRegen 0.11/turn    (no gizmo)

%: no passive effects
@: mighty, revving
A: off-hand wielding, slow wielding, warmup strikes, no jewellery, cold
resistance 1, evolution 1
a: Invent Gizmo


You were on level 2 of the Dungeon.
You visited 1 branch of the dungeon, and saw 3 of its levels.

You collected 84 gold pieces.

Inventory:

Hand Weapons
 d - a +0 dagger {Balvinder}
 f - a +1 whip of electrocution (offhand) {Dunstan}
 j - the +10 dagger "Zucwiqi" (weapon) {freeze, Dex+4}
   (You took it off a hobgoblin on level 2 of the Dungeon)

   Dex+4:     It affects your dexterity (+4).
Armour
 a - a +0 robe (worn)
Scrolls
 c - 3 scrolls of teleportation {unknown}
 h - a scroll of immolation {unknown}
 k - a scroll of noise {unknown}
 l - a scroll of vulnerability {unknown}
Potions
 b - a potion of magic
 e - a potion of curing {unknown}
 m - a potion of berserk rage {unknown}


   Skills:
 + Level 1.7 Fighting
 + Level 0.1 Short Blades
 + Level 2.5 Dodging
 - Level 1.5 Stealth
 + Level 2.4 Spellcasting
 + Level 2.0 Conjurations
 + Level 4.0 Alchemy


You had 7 spell levels left.
You knew the following spells:

 Your Spells              Type           Power      Damage    Failure   Level
a - Sting                 Conj/Alch      44%        1d5       6%          1

Your spell library contained the following spells:

 Spells                   Type           Power      Damage    Failure   Level
 Mercury Vapours          Alch/Air       16%        N/A       13%         2
 Apportation              Tloc           2%         N/A       21%         1
 Necrotise                Necr           4%         1d4       21%         1
 Summon Small Mammal      Summ           4%         N/A       21%         1
 Mephitic Cloud           Conj/Alch/Air  8%         N/A       26%         3
 Jinxbite                 Hex            2%         N/A       30%         2
 Lesser Beckoning         Tloc           2%         N/A       30%         2
 Olgreb's Toxic Radiance  Alch           14%        N/A       36%         4
 Maxwell's Portable Pile  Tloc           1%         2d(5-13)  52%         3
 Teleport Other           Tloc           1%         N/A       52%         3
 Sticky Flame             Fire/Alch      8%         2d4       65%         4
 Yara's Violent Unravell  Hex/Alch       4%         3d4       94%         5
 Enfeeble                 Hex            0%         N/A       100%        7


Dungeon Overview and Level Annotations

Branches:
Dungeon (3/15)

Altars:


Innate Abilities, Weirdness & Mutations

You can wield a second weapon in your off-hand.
It takes a long time for you to wield or remove held weapons.
Your first few attacks do less damage.
You cannot equip rings or amulets.
Your flesh is cold resistant. (rC+)
You have hidden genetic potential.


Message History

The ball python seems to slow down.
You freeze the ball python.
You kill the ball python!
The endoplasm hits you.
You hit the hobgoblin but do no damage.
You closely miss the hobgoblin with the +10 dagger "Zucwiqi".
The endoplasm closely misses you. The hobgoblin hits you.
Something hits you but does no damage.
You closely miss the hobgoblin with your +1 whip of electrocution.
You hit the hobgoblin but do no damage. The endoplasm freezes you.
You are frozen.
The hobgoblin hits you. Something hits you.
Unknown command.
You closely miss the hobgoblin with your +1 whip of electrocution.
You hit the hobgoblin with the +10 dagger "Zucwiqi".
You freeze the hobgoblin. The endoplasm freezes you.
You are frozen.
The hobgoblin misses you. Something hits you.
* * * LOW HITPOINT WARNING * * *
Unknown command.
The endoplasm barely misses you. The hobgoblin hits you.
* * * LOW HITPOINT WARNING * * *
You climb upwards.
Reactivating autopickup.
There is a stone staircase leading down here.
It was a potion of might.
You feel very mighty all of a sudden. The endoplasm freezes you.
You are frozen.
* * * LOW HITPOINT WARNING * * *
The hobgoblin closely misses you. Something hits you.
* * * LOW HITPOINT WARNING * * *
Deactivating autopickup; reactivate with Ctrl-A.
It was a potion of mutation.
You feel extremely strange.
You feel a hidden potential growing inside you.
You feel resistant to cold. The endoplasm barely misses you.
You hear some strange, mumbled words.
A puff of flame appears from out of thin air!
The puff of flame hits you!
You die...

#.# ##<..## ########### #.#
###.....###
#.........###>###.....#)..##
#.######..........#..###..†#
#.# #......÷........## ##...
#.# #.#####.#.#####..###...#
#.# #.# #.#.# #...#....# #.#
#.# #g{.# ###..#.... #.# #.#
#@#.# #.##.... #.#
#.#####J#.#######.#####. #.#
#.......#.........#####. #.#
#########.##.#.......#.. #.#
#..............###.#.. #.#
#.#####.##.######..... #.#
#.#####.##†##...##.... #.###
#.....#.####.....##... #...#
#####.#.# #.......#(..


You could see an endoplasm and a hobgoblin.

Vanquished Creatures
  A gnoll (D:2)
  7 adders
  A ribbon worm (D:3)
  A dart slug (D:1)
  An orc (D:3)
  4 bats
  3 endoplasms
  4 giant cockroaches
  6 goblins
  8 hobgoblins
  3 jackals (D:1)
  2 quokkas (D:1)
  3 ball pythons
  3 frilled lizards (D:2)
  5 kobolds
  4 rats
56 creatures vanquished.

Notes
Turn   | Place    | Note
-------+----------+-------------------------------------------
     0 | D:1      | Shayle the Coglin Alchemist began the quest for the Orb.
     0 | D:1      | Reached XP level 1. HP: 13/13 MP: 3/3
    94 | D:1      | Reached skill level 1 in Conjurations
   199 | D:1      | Reached XP level 2. HP: 13/20 MP: 0/4
   705 | D:1      | Reached XP level 3. HP: 21/25 MP: 6/6
  1052 | D:1      | Reached skill level 1 in Fighting
  1381 | D:2      | Found a faded altar of an unknown god.
  1515 | D:2      | Reached XP level 4. HP: 31/32 MP: 7/7
  1515 | D:2      | Identified the +10 dagger "Zucwiqi" {freeze, Dex+4}
  1990 | D:3      | Reached skill level 4 in Alchemy
  1994 | D:3      | Reached XP level 5. HP: 38/38 MP: 8/8
  2065 | D:2      | Gained mutation: You have hidden genetic potential. [potion
                  | of mutation]
  2065 | D:2      | Gained mutation: Your flesh is cold resistant. (rC+)
                  | [potion of mutation]
  2065 | D:2      | Killed from afar by an orc wizard

Illustrated notes

Levels and vault maps discovered:
D:1:      eino_arrival_cavern_a, layout_loops_ring, serial_park_tiny_2,
          due_unseen_surprise
D:2:      kennysheep_six_static_rooms, layout_loops_ring,
          shapermc_ecumenical_altar_mp_urbaneastern, minmay_pentomino_t4
D:3:      layout_rooms, uniq_sigmund, uniq_jessica

Skill      XL: |  1  2  3  4  5 |
---------------+----------------+-----
Conjurations   | 1 2 |  2.0
Dodging        | 2 |  2.5
Spellcasting   | 2 |  2.4
Fighting       | 1 |  1.7
Alchemy        | 4 |  4.0
Short Blades   | |  0.1
Stealth        | |  1.5

Action                     |  1- 3 |  4- 6 || total
---------------------------+-------+-------++-------
  Melee: Unarmed           |     3 |       ||     3
         Dagger            |    42 |    36 ||    78
         Whip              |    41 |    34 ||    75
   Cast: Sting             |    23 |     4 ||    27
    Use: Potion            |       |     2 ||     2
   Stab: Sleeping          |     5 |     2 ||     7
 Armour: Robe              |    27 |    34 ||    61
  Dodge: Dodged            |    24 |    51 ||    75

Table legend: (Time is in decaauts)
 A = Elapsed time spent in this place.
 B = Non-inter-level travel time spent in this place.
 C = Inter-level travel time spent in this place.
 D = Time resting spent in this place.
 E = Time spent auto-exploring this place.
 F = Levels seen in this place.
 G = Mean time per level.
                   A        B        C        D        E       F      G
               +--------+--------+--------+--------+--------+-----+--------+
         Total |   2068 |   1997 |     71 |    212 |   1241 |   3 |  689.3 |
       Dungeon |   2068 |   1997 |     71 |    212 |   1241 |   3 |  689.3 |
               +--------+--------+--------+--------+--------+-----+--------+

Top non-repeatable levels by time:
     D:1: 1130 daAuts
     D:2: 861 daAuts
     D:3: 76 daAuts
